 Seeded DCSS version 0.30.0-18-gc0e69614cb (webtiles) character file.

Game seed: 13070711685921231408 (custom seed)

57 Twinkles the Sneak (level 3, 27/27 HPs)
             Began as a Vampire Brigand on May 24, 2023.
             Safely got out of the dungeon.
             The game lasted 00:03:00 (2071 turns).

Twinkles the Sneak (Vampire Brigand)                Turns: 2071, Time: 00:03:00

Health: 27/27      AC:  5    Str: 10    XL:     3   Next: 73%
Magic:  3/3        EV: 12    Int: 13    God:
Gold:   152        SH:  0    Dex: 17    Spells: 2/2 levels left

rFire   . . .        a - +2 dagger
rCold   . . .        (no shield)
rNeg    . . .        l - +0 leather armour
rPois   .            n - +0 helmet
rElec   .            c - +0 cloak
rCorr   .            (no gloves)
SInv    +            (no boots)
Will    .....        o - amulet of magic regeneration
Stlth   +++          (no ring)
HPRegen 0.44/turn    (no ring)
MPRegen 0.48/turn

%: no passive effects
@: healing quickly
A: alive, fangs 3, see invisible, vampiric 2
a: Exsanguinate


You escaped.
You visited 1 branch of the dungeon, and saw 2 of its levels.

You collected 152 gold pieces.

Inventory:

Hand Weapons
 a - a +2 dagger (weapon)
Missiles
 d - 9 poisoned darts (quivered)
 e - 3 curare-tipped darts
Armour
 b - a +0 robe
 c - a +0 cloak (worn)
 k - a +0 buckler
 l - a +0 leather armour (worn)
 n - a +0 helmet (worn)
Jewellery
 o - an amulet of magic regeneration (around neck)
Scrolls
 h - a scroll of identify {unknown}
 i - a scroll of fear {unknown}
 p - a scroll of silence {unknown}
Potions
 f - a potion of curing {unknown}
 g - a potion of degeneration {unknown}
 j - a potion of lignification {unknown}
 m - a potion of haste {unknown}


   Skills:
 + Level 2.2 Fighting
 + Level 2.7 Short Blades
 + Level 2.1 Throwing
 + Level 2.0 Dodging
 + Level 6.4 Stealth


You had 2 spell levels left.
You didn't know any spells.
Your spell library contained the following spells:

 Spells                   Type           Power      Damage    Failure   Level
 Ozocubu's Armour         Ice            0%         N/A       77%         3
 Ozocubu's Refrigeration  Ice            0%         4d7       100%        7


Dungeon Overview and Level Annotations

Branches:
Dungeon (2/15) Zot: 9942

Altars:

Shops:
D:2 (


Innate Abilities, Weirdness & Mutations

Your natural rate of healing is accelerated.
You have razor-sharp teeth.
You have supernaturally acute eyesight. (SInv)
You are afflicted with vampirism and can become a bat while bloodless.


Message History

The worm is heavily wounded.
The worm bites you!
You are too injured to fight recklessly!
You are too injured to fight recklessly!
You are too injured to fight recklessly!
You are too injured to fight recklessly!
You are too injured to fight recklessly!
You are too injured to fight recklessly!
You are too injured to fight recklessly!
You hit the worm.
The worm is heavily wounded.
You hit the worm.
The worm is severely wounded.
The worm bites you but does no damage.
You hit the worm but do no damage.
The worm is severely wounded.
You hit the worm.
The worm is almost dead.
The worm closely misses you.
You hit the worm.
The worm is almost dead.
You hit the worm.
You kill the worm!
Your Dodging skill increases to level 2!
You see here a worm corpse.
Save game and exit?
Welcome back, Twinkles the Vampire Brigand.
Game seed: 13070711685921231408 (custom seed) Press ? for a list of commands and other information.
You open the door.
There is an open door here.
HP restored.
There is an escape hatch in the ceiling here.
A mysterious force pulls you upwards. The hatch slams shut behind you.
There is an open gate here.
There is an open door here.
There is an open door here.
There is a staircase leading out of the dungeon here.
Are you sure you want to leave the Dungeon?
This will make you lose the game!
You have escaped!

....#..#.#.#..≈≈≈.§≈.#######.##..
.#.....#.#.#.....§...# #.#...
...........##.......## #.#...
..#.################# #### #.#...
......##..## ##≈.≈## ##..###.#.##
#.#.#.#....## ##'## ##....##.#...
#.....#..#.####...####....##.####
....§§'.§..#8#..>..#.#....#..####
....#§§§...'.'..@..'.#..☼.#......
.#..#§§§§..#8#.....#.#....#.#####
.#..#.#.##.####...####....#.....#
.#..#.#....## ##'## ##....#.###.#
.#..#.##..## ##≈.~## ##..##......
.#..#.############### #########.#
....#.##...##.......## #........
....#.##.#.#.........# #.#####.#
....#.##.#.#.........# #.#......


There were no monsters in sight!

Vanquished Creatures
  An adder (D:2)
  3 worms (D:2)
  A ball python (D:2)
  4 endoplasms
  2 hobgoblins (D:1)
  2 jackals (D:1)
  3 kobolds
  2 quokkas (D:1)
  5 bats
  A frilled lizard (D:1)
  6 goblins
  11 rats
41 creatures vanquished.

Notes
Turn   | Place    | Note
-------+----------+-------------------------------------------
     0 | D:1      | Twinkles the Vampire Brigand began the quest for the Orb.
     0 | D:1      | Reached XP level 1. HP: 16/16 MP: 1/1
   107 | D:1      | Reached skill level 6 in Stealth
   128 | D:1      | Reached XP level 2. HP: 18/22 MP: 2/2
  1010 | D:1      | Found a faded altar of an unknown god.
  1420 | D:2      | Gained mutation: You are afflicted with vampirism and can
                  | become a bat while bloodless. [Vampire growth]
  1420 | D:2      | Reached XP level 3. HP: 15/27 MP: 3/3
  1792 | D:2      | HP: 9/27 [worm (4)]
  1973 | D:2      | Found Nanoxu Lama's Antique Weapon Shoppe.
  2071 | D:$      | Safely got out of the dungeon.

Illustrated notes

Levels and vault maps discovered:
D:1:      shiori_arrival_elements, layout_basic, ebering_ecumenical_altar_hall,
          minmay_fountain_box
D:2:      cheibrodos_helix_gallery, layout_loops_corners, serial_shops,
          nicolae_shop_overgrown_old_shop, minmay_misc_feat_four_crosses,
          minmay_misc_feat_tower

Skill      XL: |  1  2  3 |
---------------+----------+-----
Stealth        | 6 |  6.4
Fighting       | 2 |  2.2
Throwing       | 2 |  2.1
Dodging        | 2 |  2.0
Short Blades   | |  2.7

Action                     || total
---------------------------++-------
  Melee: Dagger            ||   112
         Bite              ||     5
         Punch             ||     1
   Stab: Sleeping          ||     6
 Armour: Robe              ||    11
         Leather armour    ||    13
  Dodge: Dodged            ||    57
